 Dungeon Crawl Stone Soup version 0.31-a0-824-ge5246a80f4 (webtiles) character file.

Game seed: 13935127059451986622

1166 qw the Skirmisher (level 8, -1/51 HPs)
             Began as a Gargoyle Hunter on Sept 23, 2023.
             Slain by Edmund
             ... wielding a +0 dire flail of draining
              (8 damage)
             ... on level 5 of the Dungeon.
             The game lasted 00:01:39 (3606 turns).

qw the Skirmisher (Gargoyle Hunter)                 Turns: 3606, Time: 00:01:39

Health: -1/51      AC: 11    Str: 14    XL:     8   Next: 40%
Magic:  8/8        EV: 12    Int: 11    God:
Gold:   191        SH:  0    Dex: 15    Spells: 7/7 levels left

rFire   . . .        Y - +1 shortbow
rCold   . . .        (shield currently unavailable)
rNeg    + . .        c - +2 animal skin
rPois   inf          d - +0 helmet
rElec   +            l - +0 cloak
rCorr   .            (no gloves)
SInv    .            (no boots)
Will    .....        (no amulet)
Stlth   ++           (no ring)
HPRegen 0.28/turn    (no ring)
MPRegen 0.11/turn

%: no passive effects
@: no status effects
A: sickness immunity, AC +5, negative energy resistance 1, electricity
resistance, torment resistance 1, petrification resistance
a: no special abilities


You were on level 5 of the Dungeon.
You visited 1 branch of the dungeon, and saw 5 of its levels.

You collected 191 gold pieces.


Innate Abilities, Weirdness & Mutations

You are immune to sickness and miasma.
Your stone body is resilient. (AC +5)
You are immune to poison.
You resist negative energy. (rN+)
You are resistant to electric shocks. (rElec)
You are resistant to unholy torment.
You are immune to petrification.


   Skills:
 + Level 5.7 Fighting
 - Level 9.1 Ranged Weapons
 - Level 1.6 Armour
 - Level 2.0 Dodging
 - Level 1.1 Stealth


You had 7 spell levels left.
You didn't know any spells.
Your spell library was empty.

Inventory:

Hand Weapons
 Y - a +1 shortbow (weapon)
Armour
 c - a +2 animal skin (worn)
 d - a +0 helmet (worn)
 l - a +0 cloak (worn)
Jewellery
 a - a ring of magical power
Scrolls
 f - 2 scrolls of identify
Potions
 b - a potion of degeneration {unknown}
 e - a potion of haste {unknown}
 g - a potion of might {unknown}
 j - a potion of berserk rage {unknown}

Dungeon Overview and Level Annotations

Branches:
Dungeon (5/15)
 Temple: D:4-7

Altars:
Fedhas
Hepliaklqana
Qazlal
Sif Muna
Uskayaw
The Shining One

Annotations:
D:5 Edmund


Message History

Enter note:
3601 |||
Found retreat position at -1,1 (floor) with 0 blocking monsters and 3 monsters attacking at destination at distance 1
3601 ||| STILL RETREEAATING.
Enter note:
Enter note:
Enter note:
Enter note:
3602 |||
Found retreat position at -2,2 (Edmund; floor) with 0 blocking monsters and 4 monsters attacking at destination at distance 2
3602 ||| STILL RETREEAATING.
Enter note:
Enter note:
Enter note:
Enter note:
3603 |||
Found retreat position at 1,-2 (floor) with 0 blocking monsters and 4 monsters attacking at destination at distance 2
Enter note:
Enter note:
Enter note:
Enter note:
3603 ||| STILL RETREEAATING.
Enter note:
Enter note:
Enter note:
Enter note:
3604 |||
Found retreat position at 0,-3 (floor) with 0 blocking monsters and 3 monsters attacking at destination at distance 3
3604 ||| STILL RETREEAATING.
You shoot an arrow. The arrow barely misses the gnoll.
Enter note:
Enter note:
Enter note:
Enter note:
3606 |||
Found retreat position at 2,-4 (floor) with 0 blocking monsters and 2 monsters attacking at destination at distance 5
Enter note:
Enter note:
Enter note:
Enter note:
3606 ||| Stepping ~*~*~tactically~*~*~ (retreating).
Edmund attacks as he pursues you!
Edmund hits you with a +0 dire flail of draining!
You die...
Edmund whines, "They better pay attention to me now!"

........## ......
....#..%.#####.....
#...#..........#.........
.....#....................
#.#.........##...)..#...###.
............#......#..#...##..
..........##.##...#......##.. ...
........#.#...#.......#......
...............#@.........#......
....##.........#@.........#......
.#...............................
.##..##.##................#.....#
..##..#s###.s#.....#....#.#.....#
.........#g#####...#.#..#.#......
...........#...'...#.##.........#
..........##...#........%......##
........#.#~..##.........##......


You could see Edmund.

Vanquished Creatures
  Pikel (D:5)
  A water moccasin (D:5)
  A lemure (D:5)
  A phantom (D:5)
  A scorpion (D:4)
  A jelly (D:4)
  4 hounds
  2 iguanas
  Jessica (D:3)
  Terence (D:3)
  Robin (D:3)
  5 gnolls
  10 adders
  A white imp (D:4)
  2 ufetubi
  A dart slug (D:1)
  3 orcs
  4 ball pythons
  2 bats
  5 endoplasms
  2 giant cockroaches
  10 goblins
  9 hobgoblins
  4 quokkas
  4 kobolds
  4 rats
81 creatures vanquished.

Notes
Turn   | Place    | Note
-------+----------+-------------------------------------------
     0 | D:1      | qw the Gargoyle Hunter began the quest for the Orb.
     0 | D:1      | Reached XP level 1. HP: 12/12 MP: 1/1
     0 | D:1      | 0 ||| qw: Version: 0.3-a-83-gcd0e7d8
     0 | D:1      | 0 ||| qw: Game counter: 1775
     0 | D:1      | 0 ||| qw: Melee chars always use a shield: true
     0 | D:1      | 0 ||| qw: God list: Okawaru
     0 | D:1      | 0 ||| qw: Allow faded altars: false
     0 | D:1      | 0 ||| qw: Do Orc after clearing Dungeon:15 true
     0 | D:1      | 0 ||| qw: Do second Lair branch before Depths: true
     0 | D:1      | 0 ||| qw: Lair rune preference: random
     0 | D:1      | 0 ||| qw: Goals: Normal
     0 | D:1      | 0 ||| PLANNING D:1-11
   271 | D:1      | Reached XP level 2. HP: 17/17 MP: 2/2
   634 | D:1      | 634 ||| UPGRADING to +0 cloak.
   639 | D:1      | 639 ||| UPGRADING to +0 ring mail.
   649 | D:1      | 649 ||| DROPPING +0 leather armour.
   650 | D:1      | 650 ||| READING 2 scrolls labelled ECVA WITI.
   655 | D:1      | 655 ||| READING scroll labelled HOCWAX PAH DAO.
   656 | D:1      | 656 ||| READING scroll labelled ONLOF XAYHOSAW.
   657 | D:1      | 657 ||| READING scroll labelled REPIMULUJIF.
   658 | D:1      | 658 ||| READING scroll labelled POEGUR WICEACS.
   659 | D:1      | 659 ||| DROPPING scroll of butterflies.
   738 | D:2      | Found a hazy altar of Hepliaklqana.
   758 | D:2      | Reached skill level 1 in Armour
   758 | D:2      | Reached XP level 3. HP: 21/21 MP: 3/3
   904 | D:2      | Found a faded altar of an unknown god.
  1287 | D:2      | 1287 ||| READING scroll labelled DIAGEFEQYC.
  1320 | D:3      | Noticed Robin
  1324 | D:3      | Reached skill level 5 in Ranged Weapons
  1332 | D:3      | HP: 3/21 [hobgoblin[Robin] (6)]
  1333 | D:3      | 1333 ||| READING scroll of teleportation.
  1363 | D:3      | Reached XP level 4. HP: 13/27 MP: 4/4
  1469 | D:3      | Noticed Terence
  1477 | D:3      | Killed Terence
  1478 | D:3      | Reached skill level 3 in Fighting
  1722 | D:3      | Killed Robin
  1759 | D:3      | 1759 ||| FLEEEEING.
  1790 | D:3      | 1790 ||| FLEEEEING.
  1793 | D:3      | Reached XP level 5. HP: 30/32 MP: 5/5
  1925 | D:3      | Noticed Jessica
  1929 | D:3      | Killed Jessica
  1936 | D:3      | Found a shimmering blue altar of Sif Muna.
  2229 | D:3      | 2229 ||| UPGRADING to +2 animal skin.
  2239 | D:3      | 2239 ||| UPGRADING to +0 helmet.
  2244 | D:3      | 2244 ||| DROPPING +0 ring mail.
  2245 | D:3      | 2245 ||| READING scroll labelled DAKURI BAGUN.
  2246 | D:3      | 2246 ||| DRINKING 2 red potions.
  2247 | D:3      | 2247 ||| DROPPING potion of brilliance.
  2367 | D:4      | Found a hide-covered altar of Uskayaw.
  2474 | D:4      | Reached skill level 6 in Ranged Weapons
  2519 | D:4      | Reached XP level 6. HP: 37/37 MP: 6/6
  2523 | D:4      | Found a stormy altar of Qazlal.
  2587 | D:4      | 2587 ||| RETREEAATING.
  2588 | D:4      | 2588 ||| Stepping ~*~*~tactically~*~*~ (retreating).
  2589 | D:4      | 2589 ||| Stepping ~*~*~tactically~*~*~ (retreating).
  2590 | D:4      | 2590 ||| Stepping ~*~*~tactically~*~*~ (retreating).
  2591 | D:4      | 2591 ||| Stepping ~*~*~tactically~*~*~ (retreating).
  2592 | D:4      | 2592 ||| Stepping ~*~*~tactically~*~*~ (retreating).
  2596 | D:4      | 2596 ||| Stepping ~*~*~tactically~*~*~ (retreating).
  2597 | D:4      | 2597 ||| Stepping ~*~*~tactically~*~*~ (retreating).
  3023 | D:4      | Found a blossoming altar of Fedhas.
  3036 | D:4      | Found a glowing golden altar of the Shining One.
  3053 | D:5      | Entered Level 5 of the Dungeon
  3058 | D:5      | 3058 ||| STAIRDANCE
  3071 | D:5      | 3071 ||| STAIRDANCE
  3085 | D:4      | Reached skill level 7 in Ranged Weapons
  3145 | D:5      | Reached XP level 7. HP: 39/43 MP: 7/7
  3225 | D:5      | Noticed Pikel
  3225 | D:5      | 3225 ||| RETREEAATING.
  3226 | D:5      | 3226 ||| STILL RETREEAATING.
  3227 | D:5      | 3227 ||| STILL RETREEAATING.
  3228 | D:5      | 3228 ||| STILL RETREEAATING.
  3229 | D:5      | 3229 ||| STILL RETREEAATING.
  3230 | D:5      | 3230 ||| STILL RETREEAATING.
  3231 | D:5      | 3231 ||| STILL RETREEAATING.
  3232 | D:5      | 3232 ||| STILL RETREEAATING.
  3233 | D:5      | 3233 ||| STILL RETREEAATING.
  3260 | D:5      | HP: 9/43 [Pikel/+1 whip of freezing (10)]
  3260 | D:5      | HP: 4/43 [Pikel/+1 whip of freezing (5)]
  3264 | D:5      | Killed Pikel
  3265 | D:5      | Reached skill level 9 in Ranged Weapons
  3265 | D:5      | Reached XP level 8. HP: 3/48 MP: 8/8
  3564 | D:5      | Noticed Edmund
  3565 | D:5      | 3565 ||| Stepping ~*~*~tactically~*~*~ (retreating).
  3574 | D:5      | 3574 ||| Stepping ~*~*~tactically~*~*~ (retreating).
  3581 | D:5      | 3581 ||| Stepping ~*~*~tactically~*~*~ (retreating).
  3582 | D:5      | 3582 ||| Stepping ~*~*~tactically~*~*~ (retreating).
  3587 | D:5      | HP: 11/51 [gnoll/+0 halberd[a gnoll sergeant] (7)]
  3590 | D:5      | 3590 ||| Stepping ~*~*~tactically~*~*~ (retreating).
  3591 | D:5      | 3591 ||| Stepping ~*~*~tactically~*~*~ (retreating).
  3592 | D:5      | 3592 ||| Stepping ~*~*~tactically~*~*~ (retreating).
  3593 | D:5      | 3593 ||| Stepping ~*~*~tactically~*~*~ (retreating).
  3594 | D:5      | 3594 ||| Stepping ~*~*~tactically~*~*~ (retreating).
  3595 | D:5      | 3595 ||| Stepping ~*~*~tactically~*~*~ (retreating).
  3595 | D:5      | HP: 6/51 [gnoll sergeant/+1 spear of freezing (5)]
  3596 | D:5      | 3596 ||| Stepping ~*~*~tactically~*~*~ (retreating).
  3597 | D:5      | 3597 ||| Stepping ~*~*~tactically~*~*~ (retreating).
  3598 | D:5      | 3598 ||| Stepping ~*~*~tactically~*~*~ (retreating).
  3599 | D:5      | 3599 ||| Stepping ~*~*~tactically~*~*~ (retreating).
  3600 | D:5      | 3600 ||| RETREEAATING.
  3601 | D:5      | 3601 ||| STILL RETREEAATING.
  3602 | D:5      | 3602 ||| STILL RETREEAATING.
  3603 | D:5      | 3603 ||| STILL RETREEAATING.
  3604 | D:5      | 3604 ||| STILL RETREEAATING.
  3606 | D:5      | 3606 ||| Stepping ~*~*~tactically~*~*~ (retreating).
  3606 | D:5      | Slain by Edmund

Levels and vault maps discovered:
D:1:      saegor_arrival_simple_b, layout_loops_ring
D:2:      layout_loops_ring, shapermc_ecumenical_altar_hornbeckon, basic_altar
D:3:      layout_loops_cross, tgw_sif, minmay_misc_feat_alley,
          grunt_decor_resistance, uniq_robin, uniq_terence
D:4:      layout_cave_pools, marbit_many_paths, mainiacjoe_overflow_alcove_1,
          mainiacjoe_overflow_swirl, cheibrodos_gnoll_hut
D:5:      layout_cave_pools, mainiacjoe_overflow_big_doors,
          minmay_temple_entry_mini_moons, kennysheep_nondescript, uniq_edmund,
          uniq_pikel

Skill      XL: |  1  2  3  4  5  6  7  8 |
---------------+-------------------------+-----
Armour         | 1 |  1.6
Ranged Weapons | 5 6 7 9 |  9.1
Fighting       | 3 4 5 |  5.7
Dodging        | 2 |  2.0
Stealth        | |  1.1

Action                     |  1- 3 |  4- 6 |  7- 9 || total
---------------------------+-------+-------+-------++-------
   Fire: Shortbow          |    90 |   197 |   101 ||   388
    Use: Scroll            |     7 |     1 |       ||     8
         Potion            |       |     1 |       ||     1
 Armour: Leather armour    |     6 |       |       ||     6
         Ring mail         |    22 |    22 |       ||    44
         Animal skin       |       |    68 |    49 ||   117
  Dodge: Dodged            |    25 |    95 |    41 ||   161

Table legend:
 A = Non-vault XP
 B = Vault XP
 C = Vault XP percentage of total XP
 D = Non-vault monster count
 E = Vault monster count
 F = Vault count percentage of total count
                 A         B        C        D         E       F
            +---------+---------+-------+---------+---------+-------
      Total |     833 |     833 |  50.0 |      62 |      18 |  22.5
            +---------+---------+-------+---------+---------+-------
        D:1 |      20 |       0 |   0.0 |      10 |       0 |   0.0
        D:2 |      46 |       0 |   0.0 |      14 |       0 |   0.0
        D:3 |      33 |     106 |  76.3 |       6 |      13 |  68.4
        D:4 |     295 |      98 |  24.9 |      20 |       4 |  16.7
        D:5 |     439 |     629 |  58.9 |      12 |       1 |   7.7
            +---------+---------+-------+---------+---------+-------
